 Dungeon Crawl Stone Soup version 0.29.0-4-gdea44cf6ec (webtiles) character file.

Game seed: 18144202773202305075

2037 qw the Cleaver (level 9, -1/52 HPs)
             Began as a Tengu Warper on Aug 28, 2022.
             Was a Follower of Okawaru.
             Slain by a gnoll sergeant
             ... wielding a +2 trident of pain
              (13 damage)
             ... on level 8 of the Dungeon.
             The game lasted 00:00:44 (7623 turns).

qw the Cleaver (Tengu Warper)                       Turns: 7623, Time: 00:00:45

Health: -1/52      AC: 20    Str: 14    XL:     9   Next: 24%
Magic:  12/13      EV:  7    Int: 13    God:    Okawaru [*.....]
Gold:   354        SH: 15    Dex: 20    Spells: 12/12 levels left

rFire   + . .      SeeInvis .   i - +0 broad axe (vamp)
rCold   + . .      Faith    .   n - +2 kite shield
rNeg    . . .      Spirit   .   a - +0 plate armour
rPois   .          Reflect  .   (helmet restricted)
rElec   .          Harm     .   (no cloak)
rCorr   .          Rampage  .   k - +1 pair of gloves
Will    .....                   (boots unavailable)
Stlth   ..........              m - amulet of the acrobat
HPRegen 0.17/turn               c - +4 ring of protection
MPRegen 0.13/turn               b - ring of protection from cold

@: about to teleport, heroic, flying quickly and evasively, quick
A: beak, talons 3, nimble flight, thin skeletal structure 1, agile 1, fire
resistance 1
a: Renounce Religion, Heroism


You were on level 8 of the Dungeon.
You worshipped Okawaru.
Okawaru was aware of your devotion.
You visited 2 branches of the dungeon, and saw 9 of its levels.

You collected 466 gold pieces.
You spent 112 gold pieces at shops.


Innate Abilities, Weirdness & Mutations

You have a beak for a mouth.
You have claws for feet.
Your magical nature lets you fly swiftly and evasively.
You have a somewhat thin skeletal structure. (Dex +2, Stealth+)
You are agile. (Dex +4, Str/Int -1)
Your flesh is heat resistant. (rF+)


   Skills:
 - Level 4.1(9.1) Fighting
 - Level 9.4(14.4) Axes
 - Level 1.0(6.0) Throwing
 - Level 4.0(9.0) Armour
 - Level 2.1(7.1) Dodging
 + Level 5.7(10.7) Shields
 - Level 2.0 Spellcasting
 - Level 2.4 Translocations
 + Level 2.1 Invocations


You had 12 spell levels left.
You didn't know any spells.
Your spell library contained the following spells:

 Spells                   Type           Power      Damage    Failure   Level
 Blink                    Tloc           14%        N/A       100%        2
 Gell's Gravitas          Tloc           7%         N/A       100%        3
 Lesser Beckoning         Tloc           7%         N/A       100%        3
 Teleport Other           Tloc           7%         N/A       100%        3
 Manifold Assault         Tloc           7%         N/A       100%        5

Inventory:

Hand Weapons
 i - a +0 vampiric broad axe (weapon)
 r - a +2 morningstar
Missiles
 e - a boomerang (quivered)
Armour
 a - a +0 plate armour (worn)
 k - a +1 pair of gloves (worn)
 n - a +2 kite shield (worn)
Jewellery
 b - a ring of protection from cold (right hand)
 c - a +4 ring of protection (left hand)
 m - an amulet of the acrobat (around neck)
Scrolls
 f - 4 scrolls of teleportation
 g - a scroll of brand weapon
 o - a scroll of identify
Potions
 d - a potion of heal wounds
 h - a potion of might
 j - 2 potions of mutation
 p - a potion of resistance
 q - a potion of cancellation
 s - 2 potions of curing
 t - a potion of haste

Dungeon Overview and Level Annotations

Branches:
Dungeon (8/15)             Temple (1/1) D:5
   Lair: D:8-11

Altars:
Ashenzari
Dithmenos
Elyvilon
Fedhas
Gozag
Hepliaklqana
Kikubaaqudgha
Makhleb
Nemelex Xobeh
Okawaru
Qazlal
Sif Muna
Trog
Uskayaw
Vehumet
Wu Jian
Xom
Yredelemnul
The Shining One

Shops:
D:5 :   D:6 ([[


Message History

The gnoll hits you but does no damage.
The gnoll sergeant hits you from afar with a +2 trident of pain.
The gnoll barely misses you.
A jelly comes into view.
You barely miss the killer bee.
The jelly quivers.
Your kick misses the killer bee.
The killer bee is almost dead.
You closely miss the gnoll. You hit the killer bee. You slash the killer bee!
You hit the killer bee.
You kill the killer bee!
Okawaru accepts your kill. You block the killer bee's attack.
The killer bee barely misses you. The killer bee stings you.
The killer bee stings you but does no damage. x2
You block the gnoll sergeant's attack. The gnoll hits you but does no damage.
The gnoll hits you with a +0 whip. The gnoll closely misses you.
Your life force feels restored.
Your Invocations skill increases to level 2!
You slash the killer bee!
You kill the killer bee!
Okawaru accepts your kill.
You barely miss the killer bee. You hit the killer bee.
You slash the killer bee! You hit the gnoll but do no damage.
You block the killer bee's attack. x3; The killer bee closely misses you.
The killer bee stings you but does no damage.
The killer bee barely misses you. The gnoll hits you with a +0 whip.
The gnoll hits you from afar with a +0 halberd.
The gnoll sergeant hits you from afar with a +2 trident of pain.
You block the gnoll's attack.
7623 ||| READING 5 scrolls of teleportation.
As you read the scroll of teleportation, it crumbles to dust.
You feel strangely unstable. You block the killer bee's attack.
The killer bee stings you but does no damage. x2
You block the killer bee's attack. The killer bee closely misses you.
The killer bee stings you but does no damage.
You block the gnoll's attack. The gnoll barely misses you.
The gnoll sergeant hits you from afar with a +2 trident of pain!
You die...

####..........
#.............
....:....... .
##........# ..
#$........#...
#.............
#..ggyy.......
#J.g%@y.......
.....g..........
.......(........
.##.....##......
###..## ......
#.. #..... ...
..... .... .....


You could see a gnoll sergeant, a jelly, 3 killer bees and 3 gnolls.

Vanquished Creatures
  A water moccasin (D:7)
  An orc warrior (D:7)
  2 ice beasts
  4 centaurs
  3 phantoms
  A necrophage (D:6)
  3 scorpions
  7 wights (D:8)
  2 killer bees (D:8)
  A howler monkey (D:6)
  A gnoll bouda (D:4)
  Jessica (D:3)
  An iguana (D:4)
  3 orc wizards
  5 gnolls (D:4)
  7 adders
  2 white imps
  3 ufetubi
  4 dart slugs
  14 orcs
  7 ball pythons
  3 bats (D:1)
  4 endoplasms
  3 giant cockroaches
  11 hobgoblins
  15 jackals
  2 quokkas (D:5)
  A frilled lizard (D:1)
  7 goblins
  5 kobolds
  4 rats (D:3)
128 creatures vanquished.

Notes
Turn   | Place    | Note
-------+----------+-------------------------------------------
     0 | D:1      | qw the Tengu Warper began the quest for the Orb.
     0 | D:1      | Reached XP level 1. HP: 12/12 MP: 4/4
     0 | D:1      | 0 ||| qw: Version: 0.1-a-89-g26bdef1
     0 | D:1      | 0 ||| qw: Game counter: 2098
     0 | D:1      | 0 ||| qw: Always use a shield: true
     0 | D:1      | 0 ||| qw: God list: Okawaru
     0 | D:1      | 0 ||| qw: Allow faded altars: false
     0 | D:1      | 0 ||| qw: Do Orc after D:15 true
     0 | D:1      | 0 ||| qw: Do second Lair branch before Depths: true
     0 | D:1      | 0 ||| qw: Lair rune preference: random
     0 | D:1      | 0 ||| qw: Plans: Normal
     0 | D:1      | 0 ||| PLANNING D:1-11
    46 | D:1      | 46 ||| Stepping ~*~*~tactically~*~*~ (stealth).
    52 | D:1      | Reached XP level 2. HP: 12/17 MP: 6/6
    53 | D:1      | Reached skill level 3 in Axes
   591 | D:1      | Found a faded altar of an unknown god.
   722 | D:1      | 722 ||| Stepping ~*~*~tactically~*~*~ (hiding).
   731 | D:1      | Reached XP level 3. HP: 21/21 MP: 7/7
  1004 | D:1      | Reached skill level 4 in Axes
  1551 | D:1      | Found a shimmering altar of Xom.
  1552 | D:1      | 1552 ||| READING scroll labelled LATSULASMU.
  1557 | D:1      | 1557 ||| READING scroll labelled LEIMUPPOLUO.
  1558 | D:1      | 1558 ||| READING scroll labelled MUPUVE BUOTAXT.
  1559 | D:1      | 1559 ||| DRINKING 2 murky red potions.
  1559 | D:1      | Gained mutation: Your flesh is heat resistant. (rF+)
                  | [potion of mutation]
  1559 | D:1      | Gained mutation: You have a somewhat thin skeletal
                  | structure. (Dex +2, Stealth+) [potion of mutation]
  1559 | D:1      | Gained mutation: You are agile. (Dex +4, Str/Int -1)
                  | [potion of mutation]
  1560 | D:1      | 1560 ||| DROPPING scroll of blinking.
  1755 | D:2      | Found a shimmering altar of Xom.
  2094 | D:2      | 2094 ||| DROPPING +0 club.
  2308 | D:2      | 2308 ||| UPGRADING to +0 plate armour.
  2318 | D:2      | 2318 ||| DROPPING +0 leather armour.
  2319 | D:2      | 2319 ||| UPGRADING to +1 pair of gloves.
  2324 | D:2      | 2324 ||| UPGRADING to amulet of the acrobat.
  2329 | D:2      | 2329 ||| UPGRADING to +4 ring of protection.
  2330 | D:2      | 2330 ||| READING scroll labelled XUKHLE DYLITIE.
  2331 | D:2      | 2331 ||| READING 2 scrolls labelled COPLAG EMOYRGH.
  2453 | D:3      | Reached XP level 4. HP: 26/26 MP: 8/8
  2528 | D:3      | 2528 ||| Stepping ~*~*~tactically~*~*~ (stealth).
  2599 | D:3      | 2599 ||| DROPPING +0 mace.
  2698 | D:3      | Noticed Jessica
  2700 | D:3      | 2700 ||| Stepping ~*~*~tactically~*~*~ (hiding).
  2706 | D:3      | 2706 ||| Stepping ~*~*~tactically~*~*~ (hiding).
  2711 | D:3      | Killed Jessica
  2928 | D:3      | 2928 ||| Stepping ~*~*~tactically~*~*~ (stealth).
  2929 | D:3      | 2929 ||| Stepping ~*~*~tactically~*~*~ (stealth).
  3021 | D:3      | 3021 ||| READING scroll labelled ITAMUH VALIRO.
  3022 | D:3      | 3022 ||| DRINKING 2 white potions.
  3023 | D:3      | 3023 ||| READING 2 scrolls of identify.
  3023 | D:3      | 3023 ||| IDENTIFYING fizzy coppery potion
  3024 | D:3      | 3024 ||| Stepping randomly (stuck).
  3025 | D:3      | 3025 ||| Stepping ~*~*~tactically~*~*~ (cloud).
  3026 | D:3      | 3026 ||| DRINKING potion of curing.
  3026 | D:3      | 3026 ||| (to cure poison)
  3132 | D:4      | 3132 ||| Stepping ~*~*~tactically~*~*~ (stealth).
  3146 | D:4      | Gained mutation: Your magical nature lets you fly swiftly
                  | and evasively. [Tengu growth]
  3146 | D:4      | Reached XP level 5. HP: 30/30 MP: 9/9
  3160 | D:4      | 3160 ||| Stepping ~*~*~tactically~*~*~ (hiding).
  3169 | D:4      | Reached skill level 5 in Axes
  3318 | D:4      | 3318 ||| FLEEEEING.
  3319 | D:4      | 3319 ||| FLEEEEING.
  3320 | D:4      | 3320 ||| FLEEEEING.
  3321 | D:4      | 3321 ||| STAIRDANCE
  3510 | D:4      | 3510 ||| Stepping ~*~*~tactically~*~*~ (stealth).
  3518 | D:4      | 3518 ||| Stepping ~*~*~tactically~*~*~ (hiding).
  3749 | D:4      | Reached skill level 6 in Axes
  3764 | D:4      | Reached skill level 3 in Armour
  3764 | D:4      | Reached XP level 6. HP: 15/35 MP: 10/10
  4473 | D:4      | 4473 ||| DROPPING ring of magical power.
  4474 | D:4      | 4474 ||| READING scroll labelled CESSUL NAMA.
  4475 | D:4      | 4475 ||| DRINKING 2 fuming yellow potions.
  4512 | D:4      | 4512 ||| DROPPING potion of lignification.
  4525 | D:5      | Entered Level 5 of the Dungeon
  4579 | D:5      | Reached skill level 7 in Axes
  4595 | D:5      | Reached XP level 7. HP: 36/40 MP: 11/11
  4697 | D:5      | Reached skill level 3 in Fighting
  4713 | D:5      | 4713 ||| Stepping ~*~*~tactically~*~*~ (hiding).
  4714 | D:5      | 4714 ||| Stepping ~*~*~tactically~*~*~ (hiding).
  4740 | D:5      | Reached skill level 8 in Axes
  4746 | D:5      | HP: 10/41 [phantom (3)]
  4747 | D:5      | 4747 ||| DRINKING 2 potions of heal wounds.
  4765 | D:5      | 4765 ||| Stepping ~*~*~tactically~*~*~ (stealth).
  5062 | D:5      | Reached XP level 8. HP: 46/46 MP: 12/12
  5154 | D:5      | Found Muasch's Book Emporium.
  5225 | D:5      | Found a staircase to the Ecumenical Temple.
  5226 | D:5      | 5226 ||| PLANNING TEMPLE
  5226 | D:5      | 5226 ||| UPGRADING to ring of protection from cold.
  5227 | D:5      | 5227 ||| READING scroll labelled APTEDO MOUROL.
  5228 | D:5      | 5228 ||| READING scroll labelled VOUJOVV PATUAG.
  5229 | D:5      | 5229 ||| DRINKING 3 glowing emerald potions.
  5230 | D:5      | 5230 ||| DRINKING 2 sedimented amethyst potions.
  5231 | D:5      | 5231 ||| READING 2 scrolls of identify.
  5231 | D:5      | 5231 ||| IDENTIFYING metallic ruby potion
  5232 | D:5      | 5232 ||| DROPPING 2 potions of magic.
  5240 | Temple   | Entered the Ecumenical Temple
  5247 | Temple   | Became a worshipper of Warmaster Okawaru
  5277 | Temple   | 5277 ||| PLANNING D:1-11
  5501 | D:5      | 5501 ||| DRINKING 2 clear potions.
  5502 | D:5      | 5502 ||| DROPPING potion of invisibility.
  5563 | D:6      | 5563 ||| Stepping ~*~*~tactically~*~*~ (hiding).
  5633 | D:6      | Reached skill level 9 in Axes
  5685 | D:6      | 5685 ||| Stepping ~*~*~tactically~*~*~ (stealth).
  5686 | D:6      | 5686 ||| Stepping ~*~*~tactically~*~*~ (stealth).
  5713 | D:6      | 5713 ||| FLEEEEING.
  5714 | D:6      | 5714 ||| FLEEEEING.
  5715 | D:6      | 5715 ||| FLEEEEING.
  5716 | D:6      | 5716 ||| FLEEEEING.
  5717 | D:6      | 5717 ||| FLEEEEING.
  5719 | D:6      | 5719 ||| FLEEEEING.
  5720 | D:6      | 5720 ||| FLEEEEING.
  5727 | D:6      | 5727 ||| FLEEEEING.
  5736 | D:6      | 5736 ||| STAIRDANCE
  5800 | D:6      | 5800 ||| STAIRDANCE
  5824 | D:6      | 5824 ||| Stepping ~*~*~tactically~*~*~ (stealth).
  5825 | D:6      | 5825 ||| Stepping ~*~*~tactically~*~*~ (stealth).
  5831 | D:6      | Identified the +9 dagger of the Enfolding Pill Bug {pain,
                  | Str+4}
  5926 | D:6      | Found a shimmering altar of Xom.
  5989 | D:6      | Found Orheu's Antique Weapon Boutique.
  5995 | D:6      | 5995 ||| BUYING broad axe (112 gold).
  5995 | D:6      | Bought a broad axe for 112 gold pieces
  5995 | D:6      | 5995 ||| SWAPPING to +0 broad axe.
  5996 | D:6      | 5996 ||| DROPPING +1 hand axe.
  6037 | D:6      | 6037 ||| Stepping ~*~*~tactically~*~*~ (stealth).
  6125 | D:6      | Found Godokack's Armour Emporium.
  6134 | D:6      | 6134 ||| SHOPLISTING +4 scale mail of fire resistance (341
                  | gold, have 213).
  6156 | D:6      | Found Xamper's Antique Armour Shoppe.
  6161 | D:6      | 6161 ||| SHOPLISTING heavily runed chain mail (294 gold,
                  | have 220).
  6161 | D:6      | 6161 ||| SHOPLISTING jewelled chain mail (294 gold, have
                  | 220).
  6376 | D:6      | 6376 ||| UPGRADING to +2 kite shield.
  6381 | D:6      | 6381 ||| DROPPING ring of ice.
  6382 | D:6      | 6382 ||| READING scroll labelled QEFFISS YNIWN.
  6383 | D:6      | 6383 ||| READING scroll labelled KYOLUY XUFUI.
  6384 | D:6      | 6384 ||| READING 2 scrolls of identify.
  6384 | D:6      | 6384 ||| IDENTIFYING blue potion
  6385 | D:6      | 6385 ||| DROPPING potion of ambrosia.
  6478 | D:7      | Found a glowing golden altar of the Shining One.
  6491 | D:7      | Reached skill level 1 in Shields
  6673 | D:7      | Reached skill level 3 in Shields
  7001 | D:7      | Found a hazy altar of Hepliaklqana.
  7332 | D:7      | 7332 ||| READING scroll labelled TIESTRE YLUEGU.
  7333 | D:7      | 7333 ||| READING 3 scrolls of identify.
  7333 | D:7      | 7333 ||| IDENTIFYING brown potion
  7334 | D:7      | 7334 ||| READING 2 scrolls of identify.
  7334 | D:7      | 7334 ||| IDENTIFYING coppery potion
  7352 | D:8      | Reached * piety under Okawaru
  7353 | D:8      | Reached XP level 9. HP: 40/52 MP: 13/13
  7359 | D:8      | Reached skill level 1 in Invocations
  7361 | D:8      | 7361 ||| INVOKING Heroism.
  7571 | D:8      | 7571 ||| DROPPING +0 flail.
  7593 | D:8      | Found a blossoming altar of Fedhas.
  7597 | D:8      | 7597 ||| INVOKING Heroism.
  7612 | D:8      | 7612 ||| INVOKING Heroism.
  7613 | D:8      | HP: 10/51 [wight/+0 scimitar (8)]
  7614 | D:8      | 7614 ||| READING 6 scrolls of teleportation.
  7615 | D:8      | 7615 ||| DRINKING 2 potions of heal wounds.
  7622 | D:8      | HP: 12/52 [gnoll sergeant/+2 trident of pain (4)]
  7623 | D:8      | 7623 ||| READING 5 scrolls of teleportation.
  7623 | D:8      | Slain by a gnoll sergeant

Levels and vault maps discovered:
D:1:      sevenhm_arrival_forest_fort_small_6, layout_basic,
          dreamdust_ecumenical_altar_angels_and_demons
D:2:      layout_basic, basic_altar, minmay_crystal_room,
          chequers_decorated_corner, chequers_serial_rivers_small_a
D:3:      layout_basic, uniq_jessica
D:4:      layout_loops_ring
D:5:      layout_loops_ring, minmay_temple_entry_glassed_door,
          nicolae_wooded_promenade, minmay_fractal_squares_diagonal_5
D:6:      hellmonk_crumbling_castle, layout_loops_cross,
          mainiacjoe_overflow_catwalk, serial_shops, nicolae_shop_waterfront,
          nicolae_diamond_shop, shop
D:7:      layout_basic, kennysheep_little_box,
          mainiacjoe_overflow_small_starburst
D:8:      layout_cave_pools, mainiacjoe_overflow_concentric_impassable,
          mainiacjoe_overflow_cross_hatched, lair_entry_dummy, uniq_maurice
Temple:   hellmonk_temple_of_storms

Skill      XL: |  1  2  3  4  5  6  7  8  9 |
---------------+----------------------------+-----
Axes           | 3 4 6 7 8 9 |  9.4
Armour         | 2 3 4 |  4.0
Fighting       | 3 4 |  4.1
Shields        | 5 |  5.7
Invocations    | 2 |  2.1
Throwing       | |  1.0
Dodging        | |  2.1
Spellcasting   | |  2.0
Translocations | |  2.4

Action                   |  1- 3 |  4- 6 |  7- 9 || total
-------------------------+-------+-------+-------++-------
Melee: Hand axe          |    73 |   149 |   133 ||   355
       Peck              |    12 |    31 |    44 ||    87
       Kick              |    13 |    47 |    69 ||   129
       Punch             |       |     3 |     3 ||     6
       Broad axe         |       |       |    73 ||    73
Throw: Boomerang         |     7 |       |    15 ||    22
Invok: Heroism           |       |       |     3 ||     3
  Use: Scroll            |     5 |     3 |    11 ||    19
       Potion            |     1 |     3 |     5 ||     9
 Stab: Invisible         |       |       |     1 ||     1
Armor: Leather armour    |    21 |       |       ||    21
       Plate armour      |     3 |    93 |   198 ||   294
Dodge: Dodged            |    45 |    41 |    65 ||   151
Block: Kite shield       |       |       |    80 ||    80

Table legend:
 A = Non-vault XP
 B = Vault XP
 C = Vault XP percentage of total XP
 D = Non-vault monster count
 E = Vault monster count
 F = Vault count percentage of total count
                 A         B        C        D         E       F
            +---------+---------+-------+---------+---------+-------
      Total |    2472 |     438 |  15.1 |     120 |       8 |   6.2
            +---------+---------+-------+---------+---------+-------
        D:1 |      56 |       0 |   0.0 |      29 |       0 |   0.0
        D:2 |      22 |       0 |   0.0 |       6 |       0 |   0.0
        D:3 |      44 |      37 |  45.7 |      13 |       1 |   7.1
        D:4 |     346 |       0 |   0.0 |      29 |       0 |   0.0
        D:5 |     312 |     401 |  56.2 |      13 |       7 |  35.0
        D:6 |     523 |       0 |   0.0 |      13 |       0 |   0.0
        D:7 |     535 |       0 |   0.0 |       8 |       0 |   0.0
        D:8 |     634 |       0 |   0.0 |       9 |       0 |   0.0
            +---------+---------+-------+---------+---------+-------
